Map: Avalon Labs

Players

MaTT

  • Race: Zerg Zerg

SunSpearS

  • Race: Protoss Protoss

Maëlys

  • Race: Zerg Zerg

JohnMcClane - Winner!

  • Race: Terran Terran
  • League: Silver

BLFG - Winner!

  • Race: Protoss Protoss

Hindulaatti - Winner!

  • Race: Terran Terran
  • League: Diamond

VOD

Have the link to the VOD?

Description

Time

  • Played on: Jan. 18, 2016, 11:14 a.m.
  • Length: 12:20
Show
View Real Time Build Order
Export as new Build Order

MaTT Zerg 

Build Orders: Hatch First, Muta Ling Bane 

Get SALT Encoding   

  12  0:02  Drone  
  13  0:09  Drone  
  14  0:17  Overlord  
  14  0:22  Extractor  
  14  0:23  Drone  
  15  0:37  Drone x2  
  17  0:56  Drone  
  18  0:57  Hatchery  
  17  1:13  Spawning Pool  
  17  1:14  Extractor  
  17  1:15  Drone  
  16  1:19  Drone  
  16  1:23  Drone  
  18  1:32  Drone  
  19  1:38  Overlord  
  19  2:00  Queen  
  21  2:04  Zergling x2  
  21  2:08  Drone  
  23  2:09  Extractor  
  23  2:11  Drone  
  23  2:12  Queen  
  25  2:31  Drone x2  
  25  2:36  Drone x2  
  29  2:40  Overlord  
  29  2:49  Drone  
  30  2:56  Overlord  
  30  2:57  Drone x2  
  32  3:02  Lair  
  32  3:10  Queen  
  34  3:13  Drone x2  
  34  3:17  Baneling Nest  
  34  3:18  Drone x3  
  38  3:22  Drone  
  39  3:35  Drone x4, Extractor  
  39  3:36  Extractor  
  39  3:37  Drone  
  42  4:04  Drone x3, Spire  
  42  4:05  Drone x2, Overlord  
  42  4:09  Drone  
  47  4:20  Overlord x2  
  47  4:31  Overlord x2  
  47  4:40  Spore Crawler  
  47  4:43  Spore Crawler  
  45  4:51  Drone x2  
  47  4:56  Evolution Chamber  
  47  4:57  Evolution Chamber  
  45  5:14  Pneumatized Carapace  
  45  5:17  Mutalisk x6  
  57  5:24  Mutalisk x2  
  61  5:37  Mutalisk x3  
  67  5:51  Overseer  
  67  5:53  Drone x7  
  74  6:28  Mutalisk x3  
  74  6:31  Overlord x3  
  78  6:46  Overlord x3  
  78  6:47  Zerg Melee Weapons Level 1, Centrifical Hooks  
  78  6:48  Zerg Ground Armor Level 1  
  78  7:02  Zergling x4  
  78  7:03  Zergling x8  
  84  7:15  Zergling x4  
  86  7:18  Drone x2  
  86  7:21  Hatchery  
  83  7:56  Metabolic Boost  
  83  8:11  Overlord x3  
  83  8:39  Infestation Pit  
  82  8:41  Drone x3  
  82  8:42  Drone x8  
  82  8:48  Zergling x12  
  99  8:52  Zerg Melee Weapons Level 2  
  99  8:55  Hatchery  
  97  9:06  Baneling  
  97  9:10  Baneling x6  
  97  9:11  Baneling x6  
  95  9:20  Zergling x4  
  95  9:21  Zergling x24  
  82  9:36  Spine Crawler, Zergling x2  
  76  9:43  Extractor x2  
  68  9:49  Zergling x2  
  68  9:50  Zergling x10  
  63  9:56  Queen  
  58  10:00  Zergling x2  
  58  10:01  Zergling x2  
  59  10:10  Baneling  
  59  10:11  Baneling x3  
  58  10:21  Baneling x8  
  58  10:22  Zergling x2  
  58  10:23  Zergling x12  
  60  10:29  Zergling x10  
  60  10:30  Zergling x4  
  60  10:32  Queen  
  63  10:45  Zergling x8  
  63  10:46  Zergling x4  
  66  10:55  Zergling x2  
  66  10:56  Zergling x8  
  62  11:10  Queen  
  58  11:12  Zergling x14  
  58  11:14  Drone  
  58  11:15  Drone x4  
  66  11:20  Pathogen Glands  
  66  11:23  Zergling x6  
  69  11:27  Overseer  
  68  11:34  Zergling x4  
  60  11:41  Baneling x6  
  60  11:42  Baneling x7  
  60  11:43  Zergling x2, Baneling  
  60  11:44  Zergling x4  
  51  11:51  Zergling x4  
  51  11:54  Overlord x2  
Show
View Real Time Build Order
Export as new Build Order

SunSpearS Protoss 

Build Orders:  

Get SALT Encoding   

  12  0:01  Probe (Chrono Boost)  
  13  0:11  Probe (Chrono Boost)  
  14  0:16  Pylon  
  14  0:22  Probe (Chrono Boost)  
  15  0:36  Gateway  
  15  0:37  Probe (Chrono Boost)  
  16  0:43  Assimilator  
  16  0:48  Probe (Chrono Boost)  
  17  0:58  Probe (Chrono Boost)  
  17  1:01  Gateway  
  19  1:11  Probe (Chrono Boost)  
  19  1:21  Probe (Chrono Boost)  
  19  1:23  Cybernetics Core  
  20  1:32  Probe (Chrono Boost)  
  21  1:43  Probe (Chrono Boost)  
  22  1:47  Pylon  
  22  1:50  Assimilator  
  22  1:53  Probe (Chrono Boost)  
  23  2:05  Adept x2  
  27  2:19  Nexus  
  27  2:25  Mothership Core (Chrono Boost)  
  29  2:31  Warp Gate (Chrono Boost)  
  29  2:34  Adept  
  31  2:56  Pylon  
  31  3:05  Gateway  
  31  3:08  Pylon  
  31  3:14  Probe, Adept  
  34  3:29  Adept  
  36  3:41  Robotics Facility  
  30  3:59  Pylon, Probe  
  30  4:00  Probe  
  32  4:09  Probe  
  32  4:12  Probe, Gateway x2  
  32  4:13  Gateway  
  34  4:31  Pylon  
  34  4:34  Probe  
  34  4:35  Pylon, Probe  
  36  4:39  Pylon  
  36  4:47  Warp Prism  
  38  5:02  Adept x3  
  38  5:05  Probe  
  38  5:06  Probe  
  46  5:11  Assimilator  
  46  5:18  Probe  
  47  5:22  Adept x3  
  53  5:34  Probe  
  53  5:35  Probe  
  55  5:43  Robotics Facility  
  55  5:44  Probe  
  55  5:47  Probe  
  55  5:49  Robotics Facility  
  57  5:57  Probe  
  57  5:59  Probe  
  58  6:07  Probe  
  57  6:18  Probe  
  58  6:30  Probe  
  57  6:42  Probe  
  57  6:45  Immortal (Chrono Boost)  
  57  6:46  Immortal (Chrono Boost)  
  66  6:50  Probe  
  66  6:51  Immortal (Chrono Boost)  
  67  6:54  Probe  
  67  6:56  Assimilator  
  67  6:57  Stalker  
  67  6:58  Stalker x3  
  76  7:04  Twilight Council  
  76  7:15  Stalker  
  78  7:16  Stalker  
  80  7:24  Stalker  
  80  7:25  Stalker x2  
  86  7:32  Sentry  
  88  7:38  Probe  
  88  7:39  Sentry  
  88  7:43  Stalker  
  93  7:50  Blink (Chrono Boost)  
  93  8:07  Pylon  
  93  8:10  Pylon  
  93  8:20  Immortal  
  93  8:25  Immortal  
  101  8:32  Zealot x4  
  109  8:40  Probe  
  110  8:50  Nexus  
  110  8:52  Pylon  
  110  9:10  Probe, Immortal  
  81  9:28  Stalker x3  
  81  9:29  Stalker x3  
  55  10:07  Stalker x4  
  55  10:08  Stalker x2  
  61  10:31  Stalker  
  61  10:32  Stalker x5  
  61  10:37  Immortal  
  61  10:42  Immortal  
  57  11:11  Stalker x3  
  57  11:12  Stalker x2  
  67  11:21  Immortal  
  61  11:39  Stalker x4  
  65  11:40  Stalker  
  53  12:01  Gateway  
  53  12:02  Gateway  
  53  12:05  Gateway  
  53  12:08  Gateway  
Show
View Real Time Build Order
Export as new Build Order

Maëlys Zerg 

Build Orders: Hatch First 

Get SALT Encoding   

  12  0:01  Drone  
  13  0:09  Drone  
  14  0:18  Overlord  
  14  0:37  Drone x3  
  17  0:49  Drone  
  18  1:02  Drone  
  19  1:04  Hatchery  
  18  1:19  Spawning Pool  
  18  1:21  Drone x2  
  19  1:27  Extractor  
  19  1:32  Drone  
  19  1:42  Drone  
  20  2:07  Overlord  
  20  2:08  Queen  
  22  2:13  Roach Warren  
  21  2:16  Queen  
  21  2:19  Drone  
  24  2:33  Drone  
  25  2:37  Drone x3  
  25  2:41  Extractor  
  27  2:44  Lair  
  27  2:51  Drone x2  
  29  3:17  Drone x2  
  31  3:22  Drone x4  
  31  3:23  Drone  
  31  3:25  Overlord  
  36  3:39  Overlord, Extractor  
  36  3:40  Overlord  
  35  3:44  Glial Reconstitution  
  35  3:52  Queen  
  37  4:11  Drone x4  
  41  4:31  Spore Crawler  
  41  4:37  Roach x8  
  41  4:38  Roach  
  58  4:43  Overlord x2  
  58  4:46  Hatchery  
  57  5:13  Drone  
  57  5:14  Drone x2  
  60  5:22  Overseer  
  60  5:26  Roach x3  
  60  5:27  Roach x2  
  70  5:45  Overlord x2  
  70  5:52  Ravager  
  70  5:53  Ravager x5  
  76  6:00  Queen  
  76  6:01  Drone  
  79  6:23  Drone  
  79  6:24  Drone  
  81  6:29  Drone x7  
  88  6:33  Extractor  
  87  6:40  Roach x4  
  87  6:41  Roach  
  87  6:44  Overlord x4  
  97  7:16  Roach x7  
  97  7:17  Roach x6  
  123  7:30  Ravager x4  
  123  7:31  Ravager x3  
  123  7:33  Overlord x2  
  123  7:34  Overlord  
  130  7:47  Extractor  
  130  7:51  Extractor  
  128  8:09  Ravager x4  
  128  8:10  Ravager  
  133  8:17  Evolution Chamber x2  
  131  8:24  Infestation Pit  
  130  8:30  Drone x6  
  136  8:34  Overlord x3  
  136  8:36  Roach x3  
  136  8:37  Roach x2  
  87  9:36  Roach  
  87  9:37  Roach x8  
  87  9:38  Roach x7  
  84  9:39  Roach  
  88  9:58  Zerg Missile Weapons Level 1  
  88  9:59  Zerg Ground Armor Level 1  
  88  10:12  Ravager x4  
  88  10:13  Ravager x3  
  88  10:14  Ravager  
  86  10:16  Roach  
  86  10:19  Zergling x16  
  86  10:20  Zergling x16  
  85  10:45  Zergling x12  
  85  10:46  Zergling x2  
  61  11:10  Drone  
  61  11:11  Drone  
  61  11:13  Zergling x2  
  61  11:14  Zergling x8  
  61  11:35  Roach x4  
  61  11:36  Roach x7  
  79  11:52  Roach x3  
Show
View Real Time Build Order
Export as new Build Order

JohnMcClane Terran - Winner!

Build Orders:  

Get SALT Encoding   

  12  0:01  SCV  
  13  0:14  SCV  
  13  0:18  Supply Depot  
  14  0:26  SCV  
  15  0:40  SCV  
  15  0:41  Barracks  
  16  0:49  Refinery  
  16  0:54  SCV  
  17  0:57  Refinery  
  17  1:06  SCV  
  18  1:18  SCV  
  19  1:31  Marine  
  20  1:42  Command Center  
  20  1:51  Factory  
  20  2:05  Barracks Tech Lab  
  20  2:12  Orbital Command  
  20  2:45  Starport  
  20  2:46  Barracks Reactor  
  20  2:47  Siege Tank  
  23  2:53  SCV  
  23  2:56  Supply Depot  
  24  3:07  Orbital Command  
  24  3:14  Engineering Bay  
  24  3:19  SCV  
  25  3:39  Barracks Tech Lab  
  25  3:40  SCV x2  
  26  3:49  Missile Turret  
  26  4:01  Missile Turret  
  26  4:03  Missile Turret, SCV x2  
  26  4:08  Missile Turret  
  28  4:15  SCV  
  29  4:20  Medivac x2  
  33  4:29  Factory  
  33  4:34  Siege Tank, SCV  
  37  4:56  Refinery  
  37  4:58  Missile Turret  
  37  5:00  SCV  
  37  5:05  Supply Depot  
  37  5:06  Siege Tank  
  41  5:09  SCV  
  41  5:12  SCV  
  41  5:13  Refinery  
  43  5:16  Supply Depot  
  43  5:21  SCV  
  43  5:27  Siege Tank  
  47  5:32  SCV  
  47  5:34  SCV  
  49  5:40  Supply Depot  
  49  5:42  Medivac x2  
  53  5:44  SCV  
  53  5:46  SCV  
  53  5:48  Supply Depot  
  55  5:52  Siege Tank  
  58  6:00  SCV x2  
  58  6:02  Supply Depot  
  60  6:10  Siege Tank  
  63  6:19  Missile Turret  
  63  6:24  Viking, Siege Tank, SCV  
  66  6:43  SCV x2  
  66  6:45  Viking  
  70  7:05  Siege Tank  
  70  7:07  SCV x2  
  75  7:29  Command Center  
  75  7:46  Viking x2  
  79  7:52  Supply Depot  
  79  7:54  Missile Turret  
  79  7:57  Supply Depot  
  79  8:11  Siege Tank x2  
  85  8:15  Missile Turret  
  85  8:21  Supply Depot  
  85  8:22  Supply Depot  
  85  8:25  Medivac, Armory  
  85  8:26  Medivac, Armory  
  87  8:56  Viking x2  
  91  9:08  Missile Turret  
  74  9:39  Orbital Command  
  74  9:41  Refinery  
  74  9:42  Refinery  
  74  9:43  Siege Tank  
  74  9:44  Viking x2, Siege Tank  
  73  10:14  Viking x2  
  73  10:16  Siege Tank x2  
  77  10:36  SCV  
  77  10:37  SCV x2  
  78  10:48  SCV  
  78  10:49  SCV x2  
  78  11:01  SCV x2  
  71  11:42  Siege Tank  
  71  11:43  Siege Tank  
  71  11:46  Viking x2  
  75  12:00  Factory  
  75  12:01  Factory x2  
Show
View Real Time Build Order
Export as new Build Order

BLFG Protoss - Winner!

Build Orders: Zealot Archon 

Get SALT Encoding   

  12  0:01  Probe (Chrono Boost)  
  13  0:11  Probe (Chrono Boost)  
  14  0:18  Pylon  
  14  0:22  Probe (Chrono Boost)  
  15  0:36  Probe (Chrono Boost)  
  16  0:47  Probe (Chrono Boost)  
  17  0:57  Probe (Chrono Boost)  
  18  1:08  Probe (Chrono Boost)  
  18  1:09  Nexus  
  19  1:18  Gateway  
  19  1:23  Probe (Chrono Boost)  
  20  1:25  Assimilator  
  20  1:30  Assimilator  
  20  1:35  Probe (Chrono Boost)  
  21  1:41  Pylon  
  21  1:45  Probe (Chrono Boost)  
  22  1:56  Probe (Chrono Boost)  
  23  2:06  Cybernetics Core, Probe (Chrono Boost)  
  24  2:17  Probe (Chrono Boost)  
  24  2:21  Probe (Chrono Boost)  
  26  2:26  Pylon  
  26  2:28  Probe (Chrono Boost)  
  27  2:32  Probe (Chrono Boost)  
  28  2:38  Probe (Chrono Boost)  
  28  2:41  Probe (Chrono Boost)  
  28  2:42  Warp Gate (Chrono Boost)  
  30  2:48  Forge  
  30  2:49  Probe  
  30  2:51  Probe  
  34  3:01  Probe x2  
  34  3:05  Pylon  
  34  3:11  Assimilator  
  34  3:12  Probe  
  34  3:13  Probe  
  36  3:21  Gateway x2  
  36  3:22  Protoss Ground Weapons Level 1 (Chrono Boost)  
  36  3:26  Probe  
  36  3:27  Probe  
  38  3:36  Probe  
  38  3:39  Probe  
  38  3:40  Pylon  
  40  3:47  Pylon, Probe  
  40  3:51  Assimilator, Probe  
  42  3:57  Probe  
  43  4:03  Probe  
  43  4:08  Probe  
  43  4:09  Twilight Council  
  45  4:15  Probe  
  46  4:18  Probe  
  47  4:27  Probe  
  47  4:29  Probe  
  49  4:37  Gateway  
  49  4:40  Gateway  
  49  4:42  Gateway  
  49  4:43  Gateway  
  49  4:45  Charge  
  49  4:51  Zealot x3  
  55  4:53  Probe  
  55  4:54  Probe  
  57  5:03  Protoss Ground Armor Level 1 (Chrono Boost)  
  57  5:12  Pylon x2  
  57  5:19  Zealot x3  
  63  5:42  Pylon  
  63  5:45  Zealot x5  
  63  5:46  Zealot x2  
  63  5:49  Templar Archives  
  77  5:53  Nexus  
  77  5:55  Pylon  
  77  5:57  Pylon  
  77  5:59  Pylon  
  77  6:10  Assimilator  
  77  6:14  Assimilator  
  77  6:18  Photon Cannon  
  77  6:21  Photon Cannon  
  77  6:22  Photon Cannon  
  77  6:25  Photon Cannon  
  77  6:30  High Templar x2  
  77  6:31  High Templar x3  
  87  6:33  High Templar  
  87  6:36  Archon  
  87  6:37  Archon x2  
  89  6:41  Pylon  
  89  6:44  Pylon  
  89  6:47  Probe  
  89  6:48  Probe  
  91  6:57  Probe  
  91  7:00  Probe  
  93  7:06  High Templar x4  
  93  7:07  Zealot x3  
  93  7:08  Probe x2  
  107  7:12  Probe  
  107  7:15  Psionic Storm  
  110  7:16  Protoss Ground Weapons Level 2 (Chrono Boost)  
  110  7:18  Probe x2  
  110  7:21  Gateway  
  110  7:23  Gateway  
  103  7:38  Probe  
  103  7:39  Probe  
  105  7:44  Probe  
  105  7:48  Probe  
  107  7:53  High Templar x3  
  107  7:54  High Templar  
  107  7:55  Zealot x3  
  121  8:03  Archon x2  
  121  8:19  Stalker x3  
  127  8:29  Forge  
  127  8:31  Pylon  
  127  8:32  Pylon  
  127  8:33  Pylon  
  127  8:34  Pylon  
  127  8:39  Pylon  
  127  8:42  Pylon  
  127  8:44  Nexus  
  127  8:51  Stalker x4  
  127  8:52  Stalker x4  
  127  8:53  Stalker  
  145  9:04  Photon Cannon  
  145  9:05  Photon Cannon  
  145  9:09  Photon Cannon  
  145  9:13  Photon Cannon  
  109  9:26  Protoss Ground Armor Level 2 (Chrono Boost), Protoss Ground Weapons Level 3 (Chrono Boost)  
  109  9:29  Probe x3  
  86  9:40  Zealot x6  
  86  9:41  Zealot  
  100  9:49  Probe x2  
  90  9:54  Probe  
  90  9:55  Probe  
  90  10:00  Assimilator  
  90  10:04  High Templar  
  90  10:05  High Templar x5  
  90  10:06  High Templar  
  104  10:08  Zealot x2  
  104  10:10  Archon x3  
  108  10:15  Probe  
  108  10:16  Probe  
  108  10:21  Assimilator  
  104  10:30  Nexus  
  104  10:34  Pylon  
  104  10:36  High Templar, Pylon  
  104  10:38  Pylon  
  104  10:41  Pylon  
  106  10:45  Gateway  
  106  10:50  Gateway  
  106  10:52  Gateway  
  106  10:54  Gateway  
  106  10:55  Zealot x5  
  106  10:56  Zealot x2  
  120  11:05  Archon  
  120  11:12  Stalker x2  
  120  11:13  Probe x2  
  120  11:15  Probe x2  
  128  11:21  Photon Cannon  
  128  11:24  Photon Cannon  
  128  11:26  Photon Cannon  
  128  11:28  Probe x2, Photon Cannon  
  128  11:29  Probe x2  
  128  11:50  Assimilator  
  126  11:54  Assimilator  
  124  12:03  Stalker x5  
  124  12:04  Stalker x4  
  124  12:05  Stalker  
  124  12:06  Stalker  
Show
View Real Time Build Order
Export as new Build Order

Hindulaatti Terran - Winner!

Build Orders: MMM Bio 

Get SALT Encoding   

  12  0:01  SCV  
  13  0:13  SCV  
  14  0:17  Supply Depot  
  14  0:25  SCV  
  15  0:39  SCV  
  15  0:42  Barracks  
  16  0:51  SCV  
  16  0:56  Refinery  
  17  1:04  SCV  
  18  1:16  SCV  
  19  1:21  Command Center  
  19  1:28  SCV  
  20  1:33  Marine  
  21  1:40  Orbital Command  
  21  1:43  Refinery  
  21  1:48  Refinery  
  21  1:54  Supply Depot  
  21  1:56  Marine  
  22  2:07  SCV  
  23  2:25  Barracks Reactor  
  24  2:30  SCV  
  24  2:36  Orbital Command  
  24  2:43  SCV  
  25  2:44  Factory  
  25  2:53  Barracks  
  25  2:54  Barracks  
  25  2:55  SCV  
  26  3:03  SCV  
  27  3:07  Marine x2, SCV  
  30  3:15  SCV  
  30  3:19  SCV  
  32  3:26  Marine x2  
  34  3:27  SCV  
  34  3:30  Starport, Factory Reactor  
  34  3:31  SCV  
  36  3:39  SCV  
  37  3:43  SCV  
  37  3:48  Marine x2  
  36  3:50  Barracks Tech Lab  
  36  3:51  Barracks Reactor, SCV  
  39  3:58  SCV  
  40  4:03  SCV  
  41  4:10  Supply Depot x2, SCV  
  41  4:13  Supply Depot  
  41  4:15  SCV  
  41  4:16  Liberator, Marine, Stimpack  
  46  4:17  Marauder  
  46  4:18  Factory Tech Lab  
  46  4:31  Marine, SCV x2  
  46  4:34  Marine  
  53  4:52  SCV x2  
  55  4:54  Cyclone  
  55  4:55  Marauder, Marine x4  
  64  5:01  Refinery  
  64  5:04  Refinery, SCV x2  
  66  5:09  Supply Depot  
  66  5:11  Supply Depot  
  66  5:12  Supply Depot x2  
  66  5:14  Liberator  
  66  5:17  SCV x2  
  68  5:26  Marauder  
  70  5:31  Marine x4  
  70  5:35  Supply Depot  
  77  5:37  Supply Depot x2  
  77  5:44  Medivac  
  77  5:47  Marauder  
  77  5:48  Marine x3  
  84  5:58  Command Center, Barracks  
  84  6:02  Liberator x2  
  84  6:17  Widow Mine  
  83  6:19  Marine  
  83  6:20  Marauder, Marine x3  
  83  6:23  Combat Shields  
  94  6:37  Marine  
  94  6:39  Marine x3  
  93  6:41  Marauder  
  95  6:47  SCV x2  
  95  6:52  Widow Mine  
  99  6:55  Marine  
  99  6:59  SCV x2  
  102  7:02  Medivac, Engineering Bay  
  102  7:03  Supply Depot, Engineering Bay  
  102  7:04  Supply Depot  
  102  7:05  Medivac  
  102  7:06  Marine x2  
  102  7:07  Marine x2  
  110  7:08  Barracks Reactor  
  110  7:09  Barracks  
  110  7:13  Orbital Command, Marine  
  111  7:24  Marine x3  
  114  7:32  Widow Mine  
  114  7:35  Medivac x2  
  120  7:48  Marine  
  120  7:49  Marine x6  
  127  7:53  SCV x2  
  127  7:54  Terran Infantry Armor Level 1, Terran Infantry Weapons Level 1  
  127  7:57  Liberator  
  127  7:58  Armory  
  129  8:06  Marine x2  
  129  8:07  Marine  
  129  8:10  Marine x2  
  129  8:11  Marauder, Marine  
  140  8:13  Widow Mine  
  140  8:14  Medivac  
  144  8:24  Marine  
  144  8:26  Supply Depot  
  145  8:27  Supply Depot  
  145  8:29  Supply Depot  
  145  8:52  Marine  
  145  8:53  Marine x6  
  152  9:10  Marine  
  152  9:11  Marine  
  152  9:13  Supply Depot, Missile Turret  
  152  9:14  Supply Depot, Missile Turret  
  154  9:17  Supply Depot  
  154  9:24  Orbital Command  
  140  9:27  Marine  
  127  9:31  Widow Mine  
  127  9:32  Marine  
  127  9:33  Marine x5  
  128  9:45  Marine  
  123  9:53  Marine x2  
  123  9:54  Marauder, Marine x3  
  129  10:00  Widow Mine  
  129  10:03  Marine  
  132  10:11  Marine x3  
  128  10:40  Marine  
  128  10:41  Marine x6, Siege Tank  
  128  10:42  Medivac x2  
  110  10:58  Marine x6  
  116  11:12  Medivac x2  
  116  11:13  Refinery x2  
  116  11:14  Siege Tank  
  122  11:33  SCV x3  
  125  11:45  SCV  
  124  11:48  Command Center  
  104  12:19  Armory  
Tags
 
Add a new tag
Caveats
  • Supply blocks, unpowered buildings, or Contaminate may cause inaccurate times.
  • Supply counts are checked every 10 seconds.